 Dungeon Crawl Stone Soup version 0.20.1-1-g8b1a95d (console) character file.

36 Kloppie the Poker (level 3, -1/30 HPs)
             Began as a Minotaur Gladiator on July 11, 2017.
             Slain by an adder (3 damage)
             ... on level 2 of the Dungeon.
             The game lasted 00:01:04 (953 turns).

Kloppie the Poker (Minotaur Gladiator)               Turns: 953, Time: 00:01:04

Health: -1/30      AC:  5    Str: 18 (21) XL:     3   Next: 19%
Magic:  2/2        EV: 12    Int:  3 (5)  God:
Gold:   49         SH:  0    Dex:  8 (11) Spells: 2/2 levels left

rFire    . . .     SeeInvis .   a - +0 trident
rCold    . . .     Gourm    .   (no shield)
rNeg     . . .     Faith    .   b - +0 leather armour
rPois    .         Spirit   .   c - +0 hat
rElec    .         Reflect  .   (no cloak)
rCorr    .         Harm     .   (no gloves)
MR       .....                  (no boots)
Stlth    +.........             (no amulet)
Regen    0.1/turn               (no ring)
MPRegen  0.1/turn               (no ring)

@: lethally poisoned (-1 -> -12), flying, hasted, very quick
A: retaliatory headbutt, beak, horns 2, slimy green scales 1, strong 1,
evolution 1
a: no special abilities


You were on level 2 of the Dungeon.
You were not hungry.

You visited 1 branch of the dungeon, and saw 2 of its levels.

You collected 49 gold pieces.

Inventory:

Hand Weapons
 a - a +0 trident (weapon)
Missiles
 d - a throwing net (quivered)
Armour
 b - a +0 leather armour (worn)
 c - a +0 hat (worn)
Jewellery
 l - an uncursed amulet of the gourmand {unknown}
Scrolls
 e - 2 scrolls of teleportation {unknown}
 i - a scroll of magic mapping {unknown}
 j - 2 scrolls of identify {unknown}
 o - 2 scrolls of remove curse {unknown}
 p - a scroll of fog {unknown}
Comestibles
 f - 2 bread rations
 g - 8 chunks of flesh


   Skills:
 - Level 2.4 Fighting
 + Level 4.4 Polearms
 - Level 2.0 Throwing
 + Level 2.4 Armour
 - Level 3.2 Dodging


You had 2 spell levels left.
You didn't know any spells.

Dungeon Overview and Level Annotations

Branches:
Dungeon (2/15)

Altars:


Innate Abilities, Weirdness & Mutations

You reflexively headbutt those who attack you in melee.
You have a pair of horns on your head.
You have a beak for a mouth.
You are partially covered in slimy green scales. (AC +2)
Your muscles are strong. (Str +2)
You evolve.


Message History

You feel weakened.
You feel dopey.
You feel clumsy.
* * * LOW HITPOINT WARNING * * *
You feel sick. The adder misses you.
It was a potion of flight.
You feel very buoyant.
You fly up into the air.
The adder barely misses you.
It was a potion of mutation.
You feel extremely strange.
You feel nature experimenting on you.
Don't worry, failures die fast.
You feel stronger.
Your mouth lengthens and hardens into a beak!
Slimy green scales grow over part of your body.
* * * LOW HITPOINT WARNING * * *
You feel sick. The adder bites you.
* * * LOW HITPOINT WARNING * * *
You are more poisoned.
The adder poisons you! The adder completely misses you.
It was a potion of haste.
You feel yourself speed up.
* * * LOW HITPOINT WARNING * * *
You feel sick. The adder bites you.
You die...

## ### ####
#.###.#.##.#
###.....#. #.#
...$..... #.#
........####.##
....(..).gS@..#
.....###.###.##
.....###.###.#
#............#
#
##.###.###.##.#
#.###...
######..##.##.#
.......(....# #
########.##.# #


You could see an adder and a goblin.

Vanquished Creatures
  An adder (D:1)
  2 dart slugs (D:1)
  A leopard gecko (D:2)
  3 giant cockroaches
  2 goblins
  5 hobgoblins
  2 bats (D:1)
  2 frilled lizards
  2 kobolds
  2 rats
  3 toadstools (D:1)
25 creatures vanquished.

Vanquished Creatures (others)
  A toadstool (D:1)
1 creature vanquished.

Grand Total: 26 creatures vanquished

Notes
Turn   | Place    | Note
-------+----------+-------------------------------------------
     0 | D:1      | Kloppie the Minotaur Gladiator began the quest for the Orb.
     0 | D:1      | Reached XP level 1. HP: 18/18 MP: 0/0
   215 | D:1      | Reached skill level 1 in Armour
   261 | D:1      | Reached skill level 4 in Polearms
   267 | D:1      | Reached XP level 2. HP: 25/25 MP: 1/1
   865 | D:2      | Reached XP level 3. HP: 16/30 MP: 2/2
   952 | D:2      | Gained mutation: You evolve. [potion of mutation]
   952 | D:2      | Gained mutation: Your muscles are strong. (Str +2) [potion of mutation]
   952 | D:2      | Gained mutation: You have a beak for a mouth. [potion of mutation]
   952 | D:2      | Gained mutation: You are partially covered in slimy green scales. (AC +2) [potion of mutation]
   953 | D:2      | Slain by an adder

Skill      XL: |  1  2 |
---------------+-------+-----
Armour         | 1 2 |  2.4
Polearms       | 4 |  4.4
Fighting       | |  2.4
Throwing       | |  2.0
Dodging        | |  3.2

Action                   || total
-------------------------++-------
Melee: Trident           ||    60
       Headbutt          ||     7
Throw: Throwing net      ||     2
  Use: Potion            ||     4
 Stab: Sleeping          ||     1
Armor: Leather armour    ||     6
Dodge: Dodged            ||    23
